 Dungeon Crawl Stone Soup version 0.29.1-2-gbd0b4ee654 (webtiles) character file.

Game seed: 17313534919653633160

145 RascalDebosk the Magician (level 5, 0/39 HPs)
             Began as a Djinni Conjurer on Oct 26, 2022.
             Slain by a centaur zombie (1 damage)
             ... in an ossuary.
             The game lasted 00:27:59 (3124 turns).

RascalDebosk the Magician (Djinni Conjurer)         Turns: 3124, Time: 00:28:00

Health: 0/39       AC:  4    Str:  6    XL:     5   Next: 53%
Gold:   229        EV: 12    Int: 21    God:
                   SH:  0    Dex: 12

rFire   + + .      SeeInvis .   s - +1 dagger (speed)
rCold   x . .      Faith    .   (no shield)
rNeg    . . .      Spirit   .   a - +0 robe
rPois   ∞          Reflect  .   (no helmet)
rElec   .          Harm     .   (no cloak)
rCorr   .          Rampage  .   p - +1 Delatra's gloves {ID++}
Will    .....                   (boots unavailable)
Stlth   ++........              (no amulet)
HPRegen 0.13/turn               (no ring)
MPRegen 0.00/turn               (no ring)

@: marked, flying
A: sickness immunity, fire resistance 2, cold vulnerability 1, float, innate
caster, HP casting, extra vitality 1
a: no special abilities


You were in an ossuary.
You visited 1 branch of the dungeon, and saw 4 of its levels.
You also visited: Ossuary.

You collected 229 gold pieces.

Inventory:

Hand Weapons
 s - a +1 dagger of speed (weapon)
Armour
 a - a +0 robe (worn)
 p - the +1 Delatra's gloves (worn) {ID++}
   (You found it on level 4 of the Dungeon)

   It heals its wearer when they drink unknown potions.
   It restores its wearer's MP when they read unknown scrolls.
Magical Staves
 o - a staff of fire
Scrolls
 f - a scroll of fog
 g - a scroll of magic mapping
 i - a scroll of identify
 k - a scroll of brand weapon {unknown}
 m - a scroll of blinking {unknown}
Potions
 b - 3 potions of might
 c - a potion of heal wounds
 d - a potion of mutation
 e - a potion of ambrosia {unknown}
 h - a potion of haste {unknown}
 j - a potion of attraction {unknown}
 l - a potion of flight {unknown}
 n - a potion of brilliance {unknown}


   Skills:
 + Level 2.4 Fighting
 - Level 2.1 Dodging
 - Level 1.5 Stealth
 * Level 4.4 Spellcasting
 + Level 0.7 Evocations


You couldn't memorise any spells.
You knew the following spells:

 Your Spells              Type           Power      Damage    Failure   Level
a - Magic Dart            Conj           92%        1d7       1%          1
b - Searing Ray           Conj           46%        2d6       2%          2
c - Dazzling Flash        Conj/Hex       46%        N/A       5%          3
d - Fulminant Prism       Conj/Hex       11%        3d9       19%         4
e - Iskenderun's Mystic   Conj/Tloc      23%        2d6       19%         4
f - Sandblast             Erth           46%        2d11      1%          1
g - Passwall              Tmut/Erth      19%        N/A       2%          2
Your spell library was empty.

Dungeon Overview and Level Annotations

Branches:
Dungeon (4/15)             Temple (0/1) D:4         Ossuary (1/1)

Altars:
Elyvilon

Shops:
D:2 (

Annotations:
D:3 3 runed translucent doors, hawla's ghost, amateur MeFE; safid's ghost, amateur MiHu; warborn304's ghost, amateur HOFi


Innate Abilities, Weirdness & Mutations

You are immune to sickness and miasma.
You are immune to poison.
Your flesh is very heat resistant. (rF++)
You are vulnerable to cold. (rC-)
You float through the air rather than walking.
You learn spells naturally, not from books.
Your magical power is your life essence.
You have superior vitality. (+4 MHP)


Message History

The mystic blast hits the centaur zombie!
The centaur zombie is lightly damaged.
The centaur zombie is knocked back by the mystic blast.
An elf zombie comes into view.
Casting: Iskenderun's Mystic Blast (quite dangerous; 19% risk of failure)
Confirm with . or Enter, or press ? or * to list all spells.
The spell is quite dangerous to miscast (19% risk of failure)!
Continue anyway?
You erupt in a blast of force!
The mystic blast hits the adder zombie!
You destroy the adder zombie!
You are no longer locked in place.
A human zombie comes into view.
A jackal zombie comes into view.
The centaur zombie closely misses you. The centaur zombie kicks you.
An adder zombie comes into view.
The centaur zombie hits you.
* * * LOW HITPOINT WARNING * * *
The centaur zombie completely misses you.
The centaur zombie hits you.
* * * LOW HITPOINT WARNING * * *
The centaur zombie kicks you.
* * * LOW HITPOINT WARNING * * *
Press: ? - help, v - describe, . - travel A stone wall.
Casting: Iskenderun's Mystic Blast (quite dangerous; 19% risk of failure)
Confirm with . or Enter, or press ? or * to list all spells.
Aiming: Searing Ray (safe; 3% risk of failure)
Press: ? - help, Shift-Dir - straight line, f - centaur zombie
Aim: a centaur zombie (100% to hit)
The searing ray hits the centaur zombie!
The centaur zombie is moderately damaged.
The searing ray hits the hobgoblin zombie!
You destroy the hobgoblin zombie!
The searing ray hits the centaur zombie!
The centaur zombie is heavily damaged. (Press . to maintain the ray.)
* * * LOW HITPOINT WARNING * * *
The rat zombie sets off the alarm!
The alarm trap emits a blaring wail!
The mark upon you grows brighter. The centaur zombie barely misses you.
The centaur zombie kicks you.
* * * LOW HITPOINT WARNING * * *
The searing ray hits the centaur zombie.
The centaur zombie is heavily damaged.
The searing ray hits the centaur zombie!
The centaur zombie is severely damaged.
* * * LOW HITPOINT WARNING * * *
The centaur zombie sets off the alarm!
The alarm trap emits a blaring wail!
The mark upon you grows brighter. The centaur zombie barely misses you.
The centaur zombie kicks you.
* * * LOW HITPOINT WARNING * * *
An elf zombie comes into view.
The searing ray hits the centaur zombie.
The centaur zombie is almost destroyed.
* * * LOW HITPOINT WARNING * * *
The centaur zombie closely misses you. The centaur zombie kicks you.
* * * LOW HITPOINT WARNING * * *
The centaur zombie hits you but does no damage.
The centaur zombie kicks you but does no damage.
The centaur zombie hits you.
* * * LOW HITPOINT WARNING * * *
The centaur zombie closely misses you. The centaur zombie barely misses you.
The centaur zombie kicks you but does no damage.
Casting: Searing Ray (safe; 3% risk of failure)
Confirm with . or Enter, or press ? or * to list all spells.
The spell is quite dangerous to miscast (19% risk of failure)!
Continue anyway?
You erupt in a blast of force!
The mystic blast hits the rat zombie.
The rat zombie is severely damaged.
The rat zombie is knocked back by the mystic blast.
The rat zombie collides with the human zombie!
The human zombie is lightly damaged.
You destroy the rat zombie!
The mystic blast hits the elf zombie!
The elf zombie is lightly damaged.
The elf zombie is knocked back by the mystic blast.
The elf zombie slams into the stone wall!
The elf zombie is lightly damaged.
The mystic blast hits the centaur zombie!
The centaur zombie is severely damaged.
The centaur zombie is knocked back by the mystic blast.
The centaur zombie collides with the human zombie!
The human zombie is lightly damaged.
The centaur zombie is almost destroyed.
The mystic blast hits the centaur zombie!
You destroy the centaur zombie!
* * * LOW HITPOINT WARNING * * *
A human zombie comes into view.
Aiming: Magic Dart (safe; 1% risk of failure)
Press: ? - help, Q - select action, (/) - cycle Shift-Dir - straight line, f - centaur zombie
Aim: a centaur zombie (almost destroyed, 100% to hit)
The magic dart hits the centaur zombie but does no damage.
The centaur zombie is almost destroyed.
* * * LOW HITPOINT WARNING * * *
The centaur zombie hits you.
* * * LOW HITPOINT WARNING * * *
The centaur zombie kicks you but does no damage.
Your magical contamination has completely faded away.
The centaur zombie attacks as you move away!
The centaur zombie hits you.
You die...

######################
#....................#
#....................#
#........8..8........#
#........@...........#
#...######Z^######...#
#...# #ZZ# #...# #...#
#.Z# #...#
#...#Z####ZZ####.#...#
#...#ZZZ..ZMZ....#...#
#...#.####.......#...#
#...# #.......#...#
#...# #.......#...#


You could see a mummy, an adder zombie, a jackal zombie, an orc zombie, 2 elf
zombies, a centaur zombie and 2 human zombies.

Vanquished Creatures
  A centaur zombie (Ossuary)
  4 adders
  An adder zombie (Ossuary)
  2 orcs (D:3)
  4 endoplasms
  2 giant cockroaches
  7 goblins
  4 hobgoblins
  2 jackals (D:3)
  8 kobolds
  2 quokkas
  8 ball pythons
  7 bats
  A frilled lizard (D:2)
  11 hobgoblin zombies (Ossuary)
  4 kobold zombies (Ossuary)
  6 orc zombies (Ossuary)
  3 rats (D:1)
  A rat zombie (Ossuary)
78 creatures vanquished.

Vanquished Creatures (others)
  2 withered plants (D:3)
2 creatures vanquished.

Grand Total: 80 creatures vanquished

Notes
Turn   | Place    | Note
-------+----------+-------------------------------------------
     0 | D:1      | RascalDebosk the Djinni Conjurer began the quest for the
                  | Orb.
     0 | D:1      | RascalDebosk set off with the following spells memorised:
                  | Magic Dart, Searing Ray, Dazzling Flash, Fulminant Prism,
                  | Iskenderun's Mystic Blast.
     0 | D:1      | Reached XP level 1. HP: 15/15 MP: 0/0
   308 | D:1      | Reached XP level 2. HP: 19/22 MP: 0/0
   650 | D:1      | Reached skill level 1 in Fighting
   903 | D:1      | Reached XP level 3. HP: 24/27 MP: 0/0
   903 | D:1      | Learned a level 1 spell: Sandblast
  1503 | D:2      | Found Cucauwaw's Weapon Shoppe.
  1556 | D:2      | Reached XP level 4. HP: 30/32 MP: 0/0
  1587 | D:2      | Reached skill level 4 in Spellcasting
  2277 | D:3      | Found a white marble altar of Elyvilon.
  2504 | D:3      | Found a runed translucent gate.
  2504 | D:3      | Found a runed translucent gate.
  2504 | D:3      | Found a runed translucent gate.
  2504 | D:3      | Noticed hawla's ghost (amateur MeFE)
  2506 | D:3      | Noticed warborn304's ghost (amateur HOFi)
  2506 | D:3      | Noticed safid's ghost (amateur MiHu)
  2714 | D:4      | Found the +1 Delatra's gloves {ID++}
  2724 | D:4      | Reached XP level 5. HP: 37/38 MP: 0/0
  2724 | D:4      | Learned a level 2 spell: Passwall
  2749 | D:4      | Found a sand-covered staircase.
  2759 | Ossuary  | Entered an ossuary
  3123 | Ossuary  | HP: 1/39 [centaur zombie (2)]
  3124 | Ossuary  | Slain by a centaur zombie

Illustrated notes

Levels and vault maps discovered:
D:1:      psy_arrival_dodecagon, layout_basic
D:2:      layout_basic, serial_shops, nicolae_shop_bloodbath_and_beyond
D:3:      layout_rooms, elyvilon_altar_3, gammafunk_ghost_cemetery
D:4:      layout_cave_pools, mainiacjoe_overflow_alcove_4, temple_doors_cd,
          enter_ossuary_1, grunt_ministairs_10, kennysheep_cluttered_room
Ossuary:  ossuary_tomb_1

Skill      XL: |  1  2  3  4 |
---------------+-------------+-----
Fighting       | 1 2 |  2.4
Spellcasting   | 4 |  4.4
Dodging        | |  2.1
Stealth        | |  1.5
Evocations     | |  0.7

Action                   |  1- 3 |  4- 6 || total
-------------------------+-------+-------++-------
 Cast: Magic Dart        |    45 |    66 ||   111
       Sandblast         |     4 |    20 ||    24
       Searing Ray       |     1 |     1 ||     2
       Iskenderun's Myst |       |     3 ||     3
  Use: Scroll            |       |     5 ||     5
Armor: Robe              |     3 |     6 ||     9
Dodge: Dodged            |     4 |    24 ||    28
